 Dungeon Crawl Stone Soup version 0.27-a0-1202-ge72e49191c (webtiles) character file.

Game seed: 13537922260873913277

3444 Kinoniko the Fighter (level 10, -4/110 HPs)
             Began as an Ogre Berserker on June 3, 2021.
             Was a Priest of Trog.
             Slain by a yak (6 damage)
             ... on level 8 of the Dungeon.
             The game lasted 00:09:05 (7711 turns).

Kinoniko the Fighter (Ogre Berserker)               Turns: 7711, Time: 00:09:07

Health: -4/110     AC: 13    Str: 26    XL:     10   Next: 5%
Magic:  10/10      EV:  8    Int:  8    God:    Trog [***...]
Gold:   542        SH: 10    Dex:  8    Spells: 9/9 levels left

rFire    . . .     SeeInvis .   i - +3 flail (protect)
rCold    . . .     Faith    .   s - +0 kite shield
rNeg     . . .     Spirit   .   b - +0 animal skin
rPois    .         Reflect  .   q - +2 hat
rElec    .         Harm     .   t - +0 cloak
rCorr    .         Rampage  .   (gloves unavailable)
Will     +....                  (boots unavailable)
Stlth    +.........             (no amulet)
HPRegen  0.28/turn              (no ring)
MPRegen  0.12/turn              (no ring)

@: mighty, brilliant, lethally poisoned (-4 -> -11), under a protective aura, on
berserk cooldown, attractive, hasted and slowed, studying Hexes
A: large, unfitting armour, tough skin 1, deterioration 1, evolution 1
a: Renounce Religion, Berserk, Trog's Hand


You were on level 8 of the Dungeon.
You worshipped Trog.
Trog was most pleased with you.
You visited 1 branch of the dungeon, and saw 8 of its levels.

You collected 542 gold pieces.

Inventory:

Hand Weapons
 a - a +0 hand axe
 h - a +0 flail of draining
 i - a +3 flail of protection (weapon)
Armour
 b - a +0 animal skin (worn)
 q - a +2 hat (worn)
 s - a +0 kite shield (worn)
 t - a +0 cloak (worn)
Wands
 f - a wand of charming (3)
Scrolls
 c - a scroll of identify
 e - 2 scrolls of magic mapping
 m - 2 scrolls of vulnerability
 o - 2 scrolls of blinking
 u - a scroll of teleportation
Potions
 g - a potion of curing


   Skills:
 + Level 10.2 Fighting
 - Level 4.2(7.6) Axes
 * Level 9.0(9.3) Maces & Flails
 - Level 2.6 Dodging
 + Level 5.3 Shields


You had 9 spell levels left.
You didn't know any spells.
Your spell library was empty.

Dungeon Overview and Level Annotations

Branches:
Dungeon (8/15)             Temple (0/1) D:4
   Lair: D:8-11

Altars:
Cheibriados
Dithmenos
Makhleb
Ru
Sif Muna
Vehumet
Zin
The Shining One

Shops:
D:7 **[[

Annotations:
D:3 2 runed translucent doors, passata's ghost, amateur FoFi


Innate Abilities, Weirdness & Mutations

You are too large for most types of armour.
You have tough skin. (AC +1)
Your body sometimes deteriorates upon taking damage.
You evolve.


Message History

You block the killer bee's attack. The yak barely misses you.
The killer bee stings you but does no damage.
Your Maces & Flails skill increases to level 9!
Unknown command.
Unknown command.
You sock the killer bee!
The killer bee is severely wounded.
You feel sick.
The killer bee stings you but does no damage.
You block the killer bee's attack. x2; The killer bee closely misses you.
You block the killer bee's attack. The killer bee barely misses you.
The killer bee stings you.
* * * LOW HITPOINT WARNING * * *
The killer bee stings you but does no damage.
The killer bee closely misses you. The yak closely misses you.
The killer bee barely misses you.
The killer bee stings you but does no damage. x2
Your shield prevents you from hitting the killer bee.
The killer bee is severely wounded.
You feel sick. The killer bee closely misses you. x2
You block the killer bee's attack. The killer bee barely misses you.
You block the killer bee's attack. The killer bee closely misses you. x2
You block the yak's attack. The killer bee barely misses you.
The killer bee stings you but does no damage.
The killer bee closely misses you.
Unknown command.
Unknown command.
You barely miss the killer bee.
The killer bee is severely wounded.
You feel sick. You block the killer bee's attack. x2
The killer bee stings you but does no damage.
You block the killer bee's attack.
The killer bee stings you but does no damage. x2
The killer bee stings you.
* * * LOW HITPOINT WARNING * * *
You are more poisoned.
The killer bee poisons you! You block the killer bee's attack.
The killer bee stings you but does no damage.
The yak gores you.
You die...

.... ..#. ..$
#...#.
..#####.......
.............
............
#...........
#yyY........
#@y.....# #yy....##
.#####.....##
.........†##
..........# ..
..........# #..#
..........## ..#
...........###
##..#
.............###..#


You could see a yak and 5 killer bees.

Vanquished Creatures
  A two-headed ogre (D:8)
  4 yaks (D:8)
  Eustachio (D:5)
  2 steam dragons (D:7)
  A water moccasin (D:7)
  A hornet zombie (D:6)
  2 black bears
  An ogre (D:4)
  2 centaurs
  A phantom (D:7)
  3 bullfrogs
  A water moccasin zombie (D:5)
  A scorpion (D:4)
  A howler monkey (D:4)
  3 hounds
  4 centaur skeletons
  A jelly (D:7)
  Crazy Yiuf (D:6)
  A bullfrog skeleton (D:5)
  4 iguanas
  3 orc wizards
  9 adders
  11 gnolls
  4 shadow imps
  2 ufetubi (D:5)
  An adder skeleton (D:4)
  A worm (D:2)
  A dart slug (D:5)
  21 orcs
  4 ball pythons
  2 bats (D:1)
  6 endoplasms
  4 giant cockroaches
  6 goblins
  7 hobgoblins
  7 jackals
  2 quokkas
  4 frilled lizards
  9 kobolds
  3 rats
143 creatures vanquished.

Vanquished Creatures (others)
  2 plants (D:7)
2 creatures vanquished.

Grand Total: 145 creatures vanquished

Notes
Turn   | Place    | Note
-------+----------+-------------------------------------------
     0 | D:1      | Kinoniko the Ogre Berserker began the quest for the Orb.
     0 | D:1      | Reached XP level 1. HP: 24/24 MP: 1/1
   106 | D:1      | You fall into a shaft and drop 1 floor!
   127 | D:1      | Found a faded altar of an unknown god.
   174 | D:1      | Reached XP level 2. HP: 32/32 MP: 2/2
   831 | D:1      | Reached XP level 3. HP: 40/40 MP: 3/3
  1145 | D:2      | Reached XP level 4. HP: 19/49 MP: 4/4
  1438 | D:2      | Reached skill level 5 in Fighting
  1527 | D:2      | Reached ** piety under Trog
  1537 | D:2      | Reached skill level 1 in Maces & Flails
  1561 | D:2      | Reached XP level 5. HP: 33/57 MP: 5/5
  2404 | D:3      | Found a runed translucent door.
  2408 | D:3      | Noticed passata's ghost (amateur FoFi)
  2432 | D:3      | Found a runed translucent door.
  2572 | D:3      | Found a burning altar of Makhleb.
  3027 | D:4      | Reached XP level 6. HP: 67/67 MP: 6/6
  3092 | D:4      | Reached skill level 6 in Fighting
  3306 | D:4      | Found a shadowy altar of Dithmenos.
  3499 | D:4      | Reached XP level 7. HP: 76/76 MP: 7/7
  3766 | D:4      | Reached *** piety under Trog
  3904 | D:4      | Found a glowing golden altar of the Shining One.
  3977 | D:4      | Found a staircase to the Ecumenical Temple.
  4032 | D:4      | Found a snail-covered altar of Cheibriados.
  4033 | D:4      | Found a radiant altar of Vehumet.
  4092 | D:5      | Entered Level 5 of the Dungeon
  4259 | D:5      | Reached skill level 1 in Shields
  4361 | D:5      | Noticed Eustachio
  4401 | D:5      | Killed Eustachio
  4402 | D:5      | Reached skill level 7 in Fighting
  4429 | D:5      | Reached skill level 5 in Maces & Flails
  5022 | D:5      | You fall into a shaft and drop 2 floors!
  5073 | D:5      | Reached XP level 8. HP: 87/87 MP: 8/8
  5121 | D:5      | Identified the +7 dagger "Waogis" {chaos, Stlth+}
  5228 | D:5      | Found a shimmering blue altar of Sif Muna.
  5742 | D:6      | Found a sacrificial altar of Ru.
  5802 | D:6      | Reached skill level 8 in Fighting
  6163 | D:6      | Found a glowing silver altar of Zin.
  6439 | D:6      | Found a runed translucent door.
  6440 | D:6      | Noticed Crazy Yiuf
  6559 | D:6      | Killed Crazy Yiuf
  6733 | D:7      | Found Atramuge's Armour Shop.
  6776 | D:7      | Reached XP level 9. HP: 97/97 MP: 9/9
  6973 | D:7      | Reached skill level 9 in Fighting
  7031 | D:7      | Found Idegewn's Armour Boutique.
  7121 | D:7      | Found Jivelyc's Assorted Antiques.
  7197 | D:7      | Found Rutwonk's Assorted Antiques.
  7456 | D:8      | Noticed a two-headed ogre
  7469 | D:8      | Killed a two-headed ogre
  7680 | D:8      | Reached skill level 5 in Shields
  7685 | D:8      | Reached skill level 10 in Fighting
  7690 | D:8      | Reached XP level 10. HP: 110/110 MP: 10/10
  7703 | D:8      | Gained mutation: Your body sometimes deteriorates upon
                  | taking damage. [potion of mutation]
  7703 | D:8      | Gained mutation: You evolve. [potion of mutation]
  7709 | D:8      | HP: 5/110 [killer bee (4)]
  7711 | D:8      | HP: 2/110 [killer bee (2)]
  7711 | D:8      | Slain by a yak

Illustrated notes

Levels and vault maps discovered:
D:1:      lightli_arrival_maybe_door_vault, layout_basic,
          hellmonk_ecumenical_altar_slurped_away, minmay_misc_feat_more_columns
D:2:      layout_basic
D:3:      layout_loops_ring, lemuel_doored_altar, ebering_ghost_sewer_f
D:4:      layout_loops_ring, tso_altar, overflow_temple_1_default,
          gammafunk_temple_overflow_statue, minmay_temple_entry_statues_pillars,
          corexii_leaking_fountain, grunt_tough_drop
D:5:      layout_loops_ring, kennysheep_mini, uniq_eustachio
D:6:      layout_gridville, lemuel_crystal_altar, amcnicky_altar_gilded,
          uniq_crazy_yiuf_cottage
D:7:      layout_rooms, serial_shops, shop, shop,
          nicolae_shop_overgrown_old_shop,
          nicolae_shop_competitors_out_of_business
D:8:      layout_layer_cave, special_room [special_room_orc], uniq_psyche

Skill      XL: |  1  2  3  4  5  6  7  8  9 10 |
---------------+-------------------------------+-----
Axes           | 4 |  4.2
Fighting       | 5 6 7 8 10 | 10.2
Maces & Flails | 1 3 4 5 7 8 9 |  9.0
Shields        | 2 3 5 |  5.3
Dodging        | |  2.6

Action                   |  1- 3 |  4- 6 |  7- 9 | 10-12 || total
-------------------------+-------+-------+-------+-------++-------
Melee: Hand axe          |    65 |       |       |       ||    65
       Flail             |       |   179 |   287 |    11 ||   477
Invok: Berserk           |     2 |     4 |    12 |       ||    18
  Use: Scroll            |       |     4 |     7 |       ||    11
       Potion            |       |       |     2 |    11 ||    13
Armor: Animal skin       |    12 |    81 |   174 |    18 ||   285
       Skin              |       |       |     7 |   122 ||   129
Dodge: Dodged            |    35 |    88 |   109 |    26 ||   258
Block: Kite shield       |       |     4 |   147 |    61 ||   212

Table legend: (Time is in decaauts)
 A = Elapsed time spent in this place.
 B = Non-inter-level travel time spent in this place.
 C = Inter-level travel time spent in this place.
 D = Time resting spent in this place.
 E = Time spent auto-exploring this place.
 F = Levels seen in this place.
 G = Mean time per level.
                   A        B        C        D        E       F      G
               +--------+--------+--------+--------+--------+-----+--------+
         Total |   7987 |   7819 |    168 |   1777 |   4870 |   8 |  998.4 |
       Dungeon |   7987 |   7819 |    168 |   1777 |   4870 |   8 |  998.4 |
               +--------+--------+--------+--------+--------+-----+--------+

Top non-repeatable levels by time:
     D:5: 1372 daAuts
     D:6: 1256 daAuts
     D:2: 1217 daAuts
     D:4: 1177 daAuts
     D:1: 997 daAuts
     D:3: 822 daAuts
     D:7: 803 daAuts
     D:8: 340 daAuts
